 Dungeon Crawl Stone Soup version 0.28-a0-1629-gf728b707aa (webtiles) character file.

Game seed: 9700336878984998959

67 Sweetruy1997 the Chopper (level 3, -8/43 HPs)
             Began as a Demonspawn Chaos Knight on Jan 24, 2022.
             Was a Plaything of Xom.
             Mangled by Edmund (12 damage)
             ... on level 4 of the Dungeon.
             The game lasted 00:05:49 (2723 turns).

Sweetruy1997 the Chopper (Demonspawn Chaos Knight)  Turns: 2723, Time: 00:05:50

Health: -8/43      AC: 11    Str: 14      XL:     3   Next: 98%
Magic:  3/3        EV: 11    Int: 19      God:    Xom [..*...]
Gold:   50         SH:  0    Dex: 11 (12) Spells: 2/2 levels left

rFire   . . .      SeeInvis .   a - +0 hand axe (chaos)
rCold   . . .      Faith    .   (no shield)
rNeg    . . .      Spirit   .   b - +2 leather armour
rPois   .          Reflect  .   h - +0 helmet
rElec   .          Harm     .   (no cloak)
rCorr   .          Rampage  .   d - +0 pair of gloves
Will    .....                   (no boots)
Stlth   ..........              (no amulet)
HPRegen 0.14/turn               i - +6 ring of intelligence
MPRegen 0.08/turn               m - +4 ring of protection

@: mighty, berserking, unable to read, very quick
A: hooves 1, deterioration 1, inability to read while threatened
a: Renounce Religion


You were on level 4 of the Dungeon.
You worshipped Xom.
You were a toy of Xom.
You visited 1 branch of the dungeon, and saw 4 of its levels.

You collected 108 gold pieces.
You spent 58 gold pieces at shops.

Inventory:

Hand Weapons
 a - a +0 hand axe of chaos (weapon)
Armour
 b - a +2 leather armour (worn)
 d - a +0 pair of gloves (worn)
 h - a +0 helmet (worn)
Jewellery
 i - a +6 ring of intelligence (left hand)
 m - a +4 ring of protection (right hand)
Scrolls
 c - 2 scrolls of teleportation {unknown}
 k - a scroll of enchant weapon {unknown}
 l - a scroll of fear {unknown}
 o - 2 scrolls of brand weapon
 p - 2 scrolls of immolation
Potions
 e - a potion of might
 g - a potion of haste {unknown}
 j - 2 potions of berserk rage
 n - a potion of heal wounds {unknown}


   Skills:
 + Level 3.4 Fighting
 + Level 3.5 Axes
 + Level 2.3 Armour
 - Level 1.0 Dodging
 + Level 1.0 Stealth


You had 2 spell levels left.
You didn't know any spells.
Your spell library was empty.

Dungeon Overview and Level Annotations

Branches:
Dungeon (4/15)
 Temple: D:4-7

Altars:
Dithmenos

Shops:
D:1 =   D:2 *

Annotations:
D:4 Edmund


Innate Abilities, Weirdness & Mutations

You have large cloven feet.
Your body sometimes deteriorates upon taking damage.
You sometimes lose the ability to read scrolls when taking damage.


Message History

Your worm's corpse dissolves into shadows!
Edmund says, "People think my brother is the best.
I think he's crazy."
Edmund hits your orc with a +2 dire flail of protection!
Your orc dies!
Your orc's corpse dissolves into shadows!
You aren't carrying any items that you can evoke.
As you read the scroll of identify, it crumbles to dust.
p - 2 scrolls of immolation Edmund hits you with a +2 dire flail of protection.
Your body deteriorates!
You feel clumsy.
You barely miss Edmund. Your kick misses Edmund.
Edmund hits you with a +2 dire flail of protection.
You feel threatened and lose the ability to read scrolls!
You closely miss Edmund. Your kick misses Edmund.
You can read scrolls again.
Edmund hits you with a +2 dire flail of protection!
You feel threatened and lose the ability to read scrolls!
Edmund closely misses you.
You feel very mighty all of a sudden.
You can read scrolls again.
A red film seems to cover your vision as you go berserk!
You feel yourself moving faster!
You feel mighty!
Xom is mildly amused.
Edmund barely misses you.
You slash Edmund! You drain Edmund. Your kick misses Edmund.
Edmund is moderately wounded.
You hit the giant cockroach.
The giant cockroach is poisoned.
You kill the giant cockroach!
Edmund hits you with a +2 dire flail of protection!
You feel threatened and lose the ability to read scrolls!
* * * LOW HITPOINT WARNING * * *
Your Stealth skill increases to level 1!
You closely miss Edmund. Your kick misses Edmund.
Edmund is moderately wounded.
Edmund misses you.
You barely miss Edmund. You kick Edmund.
Edmund is heavily wounded.
Edmund hits you with a +2 dire flail of protection!
You die...
Xom chuckles heartily!

#.# #.# # ##.# ######
#...#######..###.#....#
#.........#.....<#.##.##
....[####.#...# ^#.#...#
#.. #........##.#.###.#
# #.##.#.†.##.#.#...#
#....#.@@...#.#.###
######.#..#.#.#.#
.........#.#.#.#.#
.#######.#.#.#.#.###
..........#.#<..#
#####.##..#.#####
#.......# ####..### ##.#


You could see Edmund (drained).

Vanquished Creatures
  A river rat (D:3)
  3 worms
  A dart slug (D:1)
  5 bats
  2 endoplasms
  4 giant cockroaches
  5 goblins
  2 hobgoblins (D:2)
  4 jackals (D:2)
  4 quokkas
  4 ball pythons
  4 frilled lizards
  3 kobolds
  2 rats
44 creatures vanquished.

Vanquished Creatures (collateral kills)
  A kobold (D:1)
1 creature vanquished.

Vanquished Creatures (others)
  3 plants (D:2)
3 creatures vanquished.

Grand Total: 48 creatures vanquished

Notes
Turn   | Place    | Note
-------+----------+-------------------------------------------
     0 | D:1      | Sweetruy1997 the Demonspawn Chaos Knight began the quest
                  | for the Orb.
     0 | D:1      | Reached XP level 1. HP: 18/18 MP: 1/1
    23 | D:1      | XOM: potion effect (might)
   505 | D:1      | Gained mutation: You have large cloven feet. [demonic
                  | ancestry]
   505 | D:1      | Reached XP level 2. HP: 20/24 MP: 2/2
   676 | D:1      | Found Safibuv's One-of-a-Kind Rings.
   820 | D:1      | XOM is BORED!
   820 | D:1      | XOM: noise
   992 | D:2      | XOM: stealth player
  1012 | D:2      | Found Jidisogi's Assorted Antiques.
  1035 | D:2      | Reached XP level 3. HP: 14/29 MP: 3/3
  1160 | D:2      | XOM: divination: detect items
  1178 | D:2      | Bought a scroll labelled LIHADD FIATILOURI for 20 gold
                  | pieces
  1178 | D:2      | Bought a cyan potion for 18 gold pieces
  1178 | D:2      | Bought a scroll labelled EDOYGO XOOL for 20 gold pieces
  1626 | D:2      | Found a faded altar of an unknown god.
  1708 | D:2      | XOM: give mutations
  1708 | D:2      | Gained mutation: Your body sometimes deteriorates upon
                  | taking damage. [Xom's mischief]
  1708 | D:2      | Gained mutation: You sometimes lose the ability to read
                  | scrolls when taking damage. [Xom's mischief]
  2054 | D:2      | XOM: noise
  2201 | D:3      | XOM: enchant monster (bad)
  2250 | D:3      | Found a shadowy altar of Dithmenos.
  2370 | D:3      | Reached skill level 1 in Dodging
  2702 | D:4      | Noticed Edmund
  2722 | D:4      | Reached skill level 1 in Stealth
  2723 | D:4      | Mangled by Edmund

Illustrated notes

Levels and vault maps discovered:
D:1:      amcnicky_arrival_blooded_trapdoor, layout_basic,
          nicolae_shop_unique_rings
D:2:      layout_basic, dreamdust_ecumenical_altar_grove, serial_shops,
          nicolae_shop_overgrown_old_shop
D:3:      layout_loops_ring, mainiacjoe_overflow_brackets
D:4:      layout_basic, gammafunk_temple_overflow_forgotten,
          minmay_temple_entry_poolview, ebering_ghost_gozag,
          minmay_misc_feat_five, uniq_edmund, uniq_menkaure

Skill      XL: |  1  2  3 |
---------------+----------+-----
Armour         | 2 |  2.3
Axes           | 3 |  3.5
Dodging        | 1 |  1.0
Stealth        | 1 |  1.0
Fighting       | |  3.4

Action                   || total
-------------------------++-------
Melee: Hand axe          ||   119
       Kick              ||    28
       Punch             ||     1
  Use: Scroll            ||     6
       Potion            ||     2
 Stab: Sleeping          ||     2
       Confused          ||     1
Armor: Leather armour    ||    39
Dodge: Dodged            ||    78

Table legend: (Time is in decaauts)
 A = Elapsed time spent in this place.
 B = Non-inter-level travel time spent in this place.
 C = Inter-level travel time spent in this place.
 D = Time resting spent in this place.
 E = Time spent auto-exploring this place.
 F = Levels seen in this place.
 G = Mean time per level.
                   A        B        C        D        E       F      G
               +--------+--------+--------+--------+--------+-----+--------+
         Total |   2737 |   2587 |    150 |    251 |   1947 |   4 |  684.2 |
       Dungeon |   2737 |   2587 |    150 |    251 |   1947 |   4 |  684.2 |
               +--------+--------+--------+--------+--------+-----+--------+

Top non-repeatable levels by time:
     D:2: 1165 daAuts
     D:1: 995 daAuts
     D:3: 508 daAuts
     D:4: 67 daAuts
